 Dungeon Crawl Stone Soup version 0.30.1-11-g7821555f0a (webtiles) character file.

Game seed: 505842907561454549

13373 Okkudo the Severer (level 12, 0/92 HPs)
             Began as a Hill Orc Monk on Dec 9, 2023.
             Was the Champion of Beogh.
             Slain by a white ugly thing (7 damage)
             ... in an ice cave.
             The game lasted 00:44:36 (9256 turns).

Okkudo the Severer (Hill Orc Monk)                  Turns: 9256, Time: 00:44:40

Health: 0/92       AC: 20    Str: 25    XL:     12   Next: 5%
Magic:  19/21      EV:  7    Int: 10    God:    Beogh [******]
Gold:   652        SH:  0    Dex: 13    Spells: 11/11 levels left

rFire   x . .        d - +7 executioner's axe (flame)
rCold   + . .        (shield currently unavailable)
rNeg    . . .        N - +4 plate armour
rPois   .            S - +2 helmet
rElec   .            b - +0 cloak
rCorr   .            a - +0 pair of gloves
SInv    .            h - +0 pair of boots
Will    .....        (no amulet) Stlth
                     q - ring of ice
HPRegen 0.35/turn    l - +6 ring of strength
MPRegen 0.17/turn

%: no passive effects
@: no status effects
A: walk on water
a: Renounce Religion, Smiting, Recall Orcish Followers, Give Item to Named
Follower, Resurrection


You were in an ice cave.
You worshipped Beogh.
Beogh was exalted by your worship.
You visited 1 branch of the dungeon, and saw 11 of its levels.
You also visited: Ossuary and Ice Cave.

You collected 652 gold pieces.

Inventory:

Hand Weapons
 d - a +7 executioner's axe of flaming (weapon)
 O - the +4 falchion "Leviticus" {flame, Fly}
   (You found it on level 8 of the Dungeon)

   Fly:       It grants you flight.
Missiles
 k - 14 poisoned darts (quivered)
 I - 2 throwing nets
Armour
 a - a +0 pair of gloves (worn)
 b - a +0 cloak (worn)
 h - a +0 pair of boots (worn)
 G - a +0 kite shield
 M - the +1 ring mail of Unaum {+Inv rElec Dex+2}
   (You found it on level 7 of the Dungeon)

   Dex:       It affects your dexterity (+2).
   rElec:     It insulates you from electricity.
   +Inv:      It lets you turn invisible.
 N - a +4 plate armour (worn)
 R - the +1 plate armour "Ogumm" {Harm Regen+}
   (You found it on level 9 of the Dungeon)

   Regen:     It increases your rate of health regeneration.
   Harm:      It increases damage dealt and taken.
 S - a +2 helmet (worn)
Jewellery
 l - a +6 ring of strength (right hand)
 m - a ring of willpower
 q - a ring of ice (left hand)
 E - a ring of resist corrosion
Wands
 K - a wand of quicksilver (17)
 L - a wand of iceblast (20)
Scrolls
 p - 3 scrolls of silence
 r - 3 scrolls of poison
 t - 3 scrolls of teleportation
 y - a scroll of amnesia {unknown}
 A - 3 scrolls of fear
 C - a scroll of magic mapping
 D - 2 scrolls of butterflies
 P - a scroll of fog {unknown}
Potions
 c - 2 potions of ambrosia
 e - 2 potions of resistance {unknown}
 g - 2 potions of haste
 i - 6 potions of curing
 j - a potion of flight {unknown}
 n - a potion of brilliance {unknown}
 u - a potion of magic {unknown}
 v - a potion of mutation
 w - 2 potions of degeneration {unknown}
 x - 2 potions of berserk rage {unknown}
 z - 2 potions of attraction {unknown}
 B - 3 potions of might {unknown}
 H - 3 potions of lignification {unknown}


   Skills:
 - Level 4.5 Fighting
 * Level 20.5 Axes
 - Level 3.1 Dodging
 + Level 12.2 Invocations


You had 11 spell levels left.
You didn't know any spells.
Your spell library contained the following spells:

 Spells                   Type           Power      Damage    Failure   Level
 Shock                    Conj/Air       0%         1d3       100%        1
 Slow                     Hex            0%         N/A       100%        1
 Cigotuvi's Dreadful Rot  Necr/Pois/Air  0%         N/A       100%        2
 Confusing Touch          Hex            0%         N/A       100%        3
 Inner Flame              Hex/Fire       0%         N/A       100%        3
 Swiftness                Air            0%         N/A       100%        3
 Tukima's Dance           Hex            0%         N/A       100%        3
 Vampiric Draining        Necr           0%         2d6       100%        3
 Vhi's Electric Charge    Tloc/Air       0%         N/A       100%        3
 Airstrike                Air            0%         2d(0-16)  100%        4
 Flame Wave               Conj/Fire      0%         2d4       100%        4
 Passage of Golubria      Tloc           0%         N/A       100%        4
 Sticky Flame             Conj/Fire      0%         2d3       100%        4
 Borgnjor's Vile Clutch   Necr/Erth      0%         N/A       100%        5
 Yara's Violent Unravell  Hex/Tmut       0%         3d3       100%        5


Dungeon Overview and Level Annotations

Branches:
Dungeon (11/15)            Temple (0/1) D:5            Lair (0/5) D:11
Ossuary (visited)           IceCv (1/1)
    Orc: D:9-12

Altars:
Cheibriados
Elyvilon
Gozag
Kikubaaqudgha
Makhleb
Qazlal
Ru
Sif Muna
Uskayaw
Vehumet
Wu Jian
Xom
Yredelemnul
Zin
Lugonu

Shops:
D:4 *   D:6 *

Annotations:
D:8 2 transporters


Message History

Nothing appears to have answered your call.
The death yak simulacrum gores you. The death yak simulacrum freezes you!
You resist.
* * * LOW HITPOINT WARNING * * *
You slash the white ugly thing! You burn the white ugly thing.
The white ugly thing is moderately wounded.
You slice the death yak simulacrum!!
You melt the death yak simulacrum!
The death yak simulacrum gores you but does no damage.
The white ugly thing kicks you but does no damage.
You hit the white ugly thing. You burn the white ugly thing.
The white ugly thing is moderately wounded.
You completely miss the wolf simulacrum.
You completely miss the death yak simulacrum.
You hit the death yak simulacrum but do no damage.
The wolf simulacrum bites you but does no damage.
The white ugly thing kicks you but does no damage.
The wolf simulacrum bites you.
* * * LOW HITPOINT WARNING * * *
The wolf simulacrum freezes you. You resist.
* * * LOW HITPOINT WARNING * * *
You feel much better. The death yak simulacrum gores you!
* * * LOW HITPOINT WARNING * * *
The death yak simulacrum freezes you! You resist.
* * * LOW HITPOINT WARNING * * *
The death yak simulacrum gores you but does no damage.
The wolf simulacrum bites you but does no damage.
The white ugly thing kicks you but does no damage.
You slash the death yak simulacrum!
You melt the death yak simulacrum.
The death yak simulacrum vaporises!
Beogh accepts your kill.
You slash the wolf simulacrum!
You melt the wolf simulacrum.
The wolf simulacrum vaporises!
Beogh accepts your kill.
You hit the death yak simulacrum but do no damage.
You completely miss the white ugly thing.
The death yak simulacrum barely misses you.
The white ugly thing kicks you!
* * * LOW HITPOINT WARNING * * *
The white ugly thing freezes you! You resist.
You die...

#...$.©.?...#
##....)[$....##
#......?......#
#....8...8....#
#.............#
#...........#
#....ZuZ....#
#.....@Z....#
##.........##
##...∩...##
##..∩..##
#######


You could see a white ugly thing, 2 death yak simulacra and an elephant
simulacrum.

Vanquished Creatures
  Gastronok (D:9)
  A boulder beetle (D:11)
  A two-headed ogre (D:10)
  Amaemon (D:9)
  Pikel (D:4)
  Joseph (D:8)
  A gargoyle (D:10)
  An orange demon (D:9)
  Psyche (D:9)
  3 trolls
  A hornet (D:7)
  Grinder (D:4)
  A vampire (D:10)
  9 yaks
  3 steam dragons
  A death yak simulacrum (IceCv)
  2 acid dragons
  A water moccasin (D:5)
  3 black bears
  2 orc warriors
  An ice beast (D:8)
  A sky beast (D:7)
  3 ogres
  A centaur (D:9)
  2 phantoms
  A kobold brigand (D:10)
  4 lemures (D:4)
  A gnoll sergeant (D:6)
  3 bullfrogs
  12 scorpions
  6 wights
  22 killer bees
  4 howler monkeys
  4 centaur zombies (Ossuary)
  2 human zombies (Ossuary)
  5 orc priests
  A gnoll bouda (D:6)
  5 hounds
  Jessica (D:2)
  2 iguanas
  A sleepcap (D:6)
  4 orc wizards
  A wolf simulacrum (IceCv)
  3 mummies (Ossuary)
  Robin (D:3)
  14 gnolls
  11 adders
  A shadow imp (D:6)
  12 white imps
  23 orcs
  4 bats
  8 endoplasms
  5 giant cockroaches
  11 goblins
  12 hobgoblins
  2 jackals (D:1)
  3 quokkas
  7 ball pythons
  2 frilled lizards (D:1)
  2 gnoll zombies (Ossuary)
  A goblin zombie (Ossuary)
  A hobgoblin zombie (Ossuary)
  14 kobolds
  6 kobold zombies (Ossuary)
  3 orc zombies (Ossuary)
  7 rats
276 creatures vanquished.

Vanquished Creatures (collateral kills)
  A cyclops (D:11)
  A hornet (D:9)
  Prince Ribbit (D:7)
  10 yaks
  A steam dragon (D:8)
  A water moccasin (D:5)
  A phantom (D:6)
  2 kobold brigands
  2 bullfrogs
  A wight (D:8)
  10 killer bees
  An orc priest (D:11)
  An orc wizard (D:8)
  4 gnolls (D:6)
  6 white imps
  8 orcs
  8 kobolds
59 creatures vanquished.

Vanquished Creatures (others)
  An orc warrior (D:9)
  An orc wizard (D:10)
  2 orc priests
  11 orcs
15 creatures vanquished.

Grand Total: 350 creatures vanquished

Notes
Turn   | Place    | Note
-------+----------+-------------------------------------------
     0 | D:1      | Okkudo the Hill Orc Monk began the quest for the Orb.
     0 | D:1      | Reached XP level 1. HP: 19/19 MP: 1/1
   223 | D:1      | Reached XP level 2. HP: 27/27 MP: 2/2
   627 | D:2      | Reached XP level 3. HP: 31/33 MP: 3/3
   862 | D:2      | Reached XP level 4. HP: 41/41 MP: 4/4
   863 | D:2      | Reached skill level 5 in Axes
   883 | D:2      | Noticed Jessica
   885 | D:2      | Found a stormy altar of Qazlal.
   898 | D:2      | Killed Jessica
  1319 | D:3      | Reached XP level 5. HP: 47/47 MP: 5/5
  1321 | D:3      | Reached skill level 6 in Axes
  1399 | D:3      | Noticed Robin
  1414 | D:3      | Killed Robin
  1590 | D:3      | Reached skill level 7 in Axes
  1613 | D:3      | Reached XP level 6. HP: 41/53 MP: 6/6
  1690 | D:3      | Found a sacrificial altar of Ru.
  1872 | D:4      | Found Hidyrapn's Elemental Accessories.
  1901 | D:4      | Noticed Grinder
  1915 | D:4      | Paralysed by Grinder for 4 turns
  2144 | D:4      | Identified a scroll of acquirement
  2149 | D:4      | Acquired a +3 executioner's axe of flaming
  2181 | D:4      | Became a worshipper of Beogh the Brigand
  2181 | D:4      | Reached * piety under Beogh
  2181 | D:4      | Reached ** piety under Beogh
  2214 | D:4      | Reached skill level 8 in Axes
  2397 | D:4      | Found an opulent altar of Gozag.
  2425 | D:4      | Killed Grinder
  2426 | D:4      | Reached skill level 9 in Axes
  2426 | D:4      | Reached XP level 7. HP: 45/60 MP: 7/7
  2515 | D:4      | Noticed Pikel
  2529 | D:4      | Killed Pikel
  2530 | D:4      | Reached skill level 11 in Axes
  2530 | D:4      | Reached XP level 8. HP: 59/67 MP: 8/8
  2564 | D:4      | Reached skill level 12 in Axes
  2700 | D:4      | Got the Volume of the Ghastly Welkin
  2791 | D:4      | Found a shimmering altar of Xom.
  2960 | D:5      | Entered Level 5 of the Dungeon
  2960 | D:5      | Found a hide-covered altar of Uskayaw.
  2984 | D:5      | Reached skill level 1 in Invocations
  2984 | D:5      | Found a stormy altar of Qazlal.
  3008 | D:5      | Found a staircase to the Ecumenical Temple.
  3018 | D:5      | Reached skill level 13 in Axes
  3093 | D:5      | Reached *** piety under Beogh
  3238 | D:5      | Found an ornate altar of the Wu Jian Council.
  3370 | D:5      | Reached XP level 9. HP: 72/72 MP: 11/11
  3468 | D:5      | Reached skill level 14 in Axes
  3496 | D:5      | Reached skill level 5 in Invocations
  3907 | D:6      | Found Zin's Purification Station.
  3907 | D:6      | Found a glowing silver altar of Zin.
  3924 | D:6      | Reached skill level 15 in Axes
  4267 | D:6      | Found a sand-covered staircase.
  4272 | Ossuary  | Entered an ossuary
  4312 | Ossuary  | Reached **** piety under Beogh
  4419 | Ossuary  | Reached XP level 10. HP: 80/80 MP: 15/15
  4456 | Ossuary  | Reached skill level 16 in Axes
  4748 | D:6      | Gained Marbork as an ally
  4773 | D:6      | Found a snail-covered altar of Cheibriados.
  4799 | D:6      | Found a white marble altar of Elyvilon.
  4886 | D:6      | Found a basalt altar of Yredelemnul.
  4959 | D:6      | Found an ancient bone altar of Kikubaaqudgha.
  4966 | D:6      | Found a radiant altar of Vehumet.
  5246 | D:7      | Noticed Prince Ribbit
  5255 | D:7      | Killed Prince Ribbit
  5541 | D:7      | Identified the +1 ring mail of Unaum {+Inv rElec Dex+2}
  5569 | D:7      | Reached ***** piety under Beogh
  5932 | D:8      | Reached skill level 17 in Axes
  5959 | D:8      | Noticed Joseph
  5965 | D:8      | Killed Joseph
  6513 | D:8      | Found a transporter.
  6514 | D:8      | Noticed a purple ugly thing
  6515 | D:8      | Found a corrupted altar of Lugonu.
  6517 | D:8      | Noticed a green ugly thing
  6554 | D:8      | Gained Gorbash as an ally
  6559 | D:8      | Your ally Gorbash died
  6924 | D:8      | Identified the +4 falchion "Leviticus" {flame, Fly}
  7413 | D:8      | Found a transporter.
  7545 | D:9      | Noticed Psyche
  7550 | D:9      | Killed Psyche
  7551 | D:9      | Reached skill level 18 in Axes
  7552 | D:9      | Noticed Gastronok
  7560 | D:9      | Reached XP level 11. HP: 75/85 MP: 18/18
  7565 | D:9      | Killed Gastronok
  7566 | D:9      | Reached skill level 10 in Invocations
  7737 | D:9      | Gained Bogwik as an ally
  7915 | D:9      | Identified the +1 plate armour "Ogumm" {Harm Regen+}
  7953 | D:9      | Reached skill level 19 in Axes
  7996 | D:9      | Paralysed by a hornet for 2 turns
  8030 | D:9      | Found a shimmering blue altar of Sif Muna.
  8031 | D:9      | Found a burning altar of Makhleb.
  8031 | D:9      | Found a shimmering altar of Xom.
  8035 | D:9      | Noticed Amaemon
  8046 | D:9      | Killed Amaemon
  8426 | D:10     | Entered Level 10 of the Dungeon
  8627 | D:10     | Noticed a two-headed ogre
  8636 | D:10     | Killed a two-headed ogre
  9199 | D:11     | Noticed a cyclops
  9204 | D:11     | Killed a cyclops
  9206 | D:11     | Reached skill level 20 in Axes
  9213 | D:11     | Found a frozen archway.
  9213 | D:11     | Noticed a boulder beetle
  9230 | D:11     | Killed a boulder beetle
  9231 | D:11     | Reached XP level 12. HP: 44/92 MP: 19/21
  9233 | D:11     | Reached ****** piety under Beogh
  9249 | IceCv    | Entered an ice cave
  9256 | IceCv    | Slain by a white ugly thing

Illustrated notes

Levels and vault maps discovered:
D:1:      ebering_trefoil_3fold, layout_basic, serial_bayou_pond_c
D:2:      layout_basic, serial_corexii_hall, corexii_hall_statues_l,
          chequers_hall_statues_y, basic_altar, uniq_jessica
D:3:      layout_rooms, nicolae_ru_sacrificial_ziggurat, grunt_decor_fettered,
          uniq_robin
D:4:      layout_basic, amcnicky_altar_gilded, nicolae_elemental_shop,
          minmay_ruined_shrine, uniq_grinder, uniq_pikel
D:5:      minmay_recursive_quarters, layout_cave_pools,
          mainiacjoe_overflow_catwalk, mainiacjoe_overflow_tiny_flanked,
          nicolae_wu_jian_immortal_techniques, minmay_temple_entry_ruins
D:6:      layout_cave_pools, kennysheep_ying_yang,
          amethyst_overflow_temple_binary, mainiacjoe_overflow_alcove_1,
          zin_purify, nicolae_ossuary_entry_false_entrances
D:7:      layout_loops_ring, uniq_prince_ribbit1
D:8:      gammafunk_corrupted_shrine, layout_loops_ring,
          dreamdust_princess_bridge, minmay_increasing_density, uniq_joseph
D:9:      layout_cave_pools, grunt_temple_overflow_open, uniq_gastronok,
          uniq_amaemon, uniq_psyche
D:10:     layout_cave_pools, minmay_misc_feat_five, minivault_25,
          hangedman_abyss_or_decor_stagger
D:11:     layout_small_grid, due_lair_maze_entry_diamond,
          portal_ice_cave_entry_imps, serial_bayou_pond_b
IceCv:    ice_cave_statue_garden_transporter

Skill      XL: |  1  2  3  4  5  6  7  8  9 10 11 |
---------------+----------------------------------+-----
Fighting       | 4 |  4.5
Dodging        | 3 |  3.1
Axes           | 5 7 9 11 13 15 18 20 | 20.5
Invocations    | 3 7 9 12 | 12.2

Action                     |  1- 3 |  4- 6 |  7- 9 | 10-12 || total
---------------------------+-------+-------+-------+-------++-------
  Melee: War axe           |    48 |    81 |       |       ||   129
         Executioner's axe |       |    28 |   177 |   173 ||   378
  Throw: Dart              |       |       |     2 |       ||     2
 Invoke: Convert to Beogh  |       |     1 |       |       ||     1
         Give Item to Name |       |       |       |     2 ||     2
         Recall Orcish Fol |       |       |       |     2 ||     2
         Smiting           |       |       |       |     1 ||     1
  Evoke: Wand              |       |       |       |     2 ||     2
    Use: Scroll            |       |     8 |     5 |    10 ||    23
         Potion            |       |       |     1 |     2 ||     3
   Stab: Distracted        |       |       |       |     3 ||     3
 Armour: Robe              |    13 |       |       |       ||    13
         Chain mail        |     5 |    75 |   101 |    18 ||   199
         Plate armour      |       |       |       |   122 ||   122
  Dodge: Dodged            |    52 |    53 |    86 |    75 ||   266
